 Dungeon Crawl Stone Soup version 0.21.1-1-g345015f (webtiles) character file.

53 Mirai the Magician (level 3, -7/19 HPs)
             Began as a Deep Elf Conjurer on Apr 1, 2018.
             Mangled by Crazy Yiuf
             ... wielding a +2 quarterstaff of chaos
              (12 damage)
             ... on level 2 of the Dungeon.
             The game lasted 00:04:10 (1223 turns).

Mirai the Magician (Deep Elf Conjurer)              Turns: 1223, Time: 00:04:13

Health: -7/19      AC:  3    Str:  5    XL:     3   Next: 62%
Magic:  5/12       EV: 13    Int: 20    God:
Gold:   95         SH:  0    Dex: 15    Spells: 10/13 levels left

rFire    . . .     SeeInvis .   h - +0 dagger
rCold    . . .     Gourm    .   (no shield)
rNeg     . . .     Faith    .   a - +0 robe
rPois    .         Spirit   .   (no helmet)
rElec    .         Reflect  .   j - +0 cloak
rCorr    .         Harm     .   (no gloves)
MR       .....                  (no boots)
Stlth    ++........             (no amulet)
HPRegen  0.06/turn              e - ring of wizardry
MPRegen  0.13/turn              (no ring)

@: no status effects
A: no striking features
a: no special abilities


You were on level 2 of the Dungeon.
You were not hungry.

You visited 1 branch of the dungeon, and saw 2 of its levels.

You collected 95 gold pieces.

Inventory:

Hand Weapons
 h - a +0 dagger (weapon)
Armour
 a - a +0 robe (worn)
 j - a +0 cloak (worn)
Jewellery
 e - a ring of wizardry (left hand)
 f - an uncursed amulet of faith
Scrolls
 i - a scroll of remove curse {unknown}
 m - 2 scrolls of fog {unknown}
 n - a scroll of identify {unknown}
Potions
 d - a potion of agility {unknown}
 k - a potion of lignification {unknown}
 l - a potion of flight {unknown}
 o - a potion of heal wounds {unknown}
Books
 b - a book of Conjurations

   Spells                             Type                      Level
   a - Magic Dart                     Conjuration                  1
   b - Searing Ray                    Conjuration                  2
   c - Dazzling Spray                 Conjuration/Hexes            3
   d - Fulminant Prism                Conjuration/Hexes            4
   e - Force Lance                    Conjuration/Translocation    4
   f - Iskenderun's Mystic Blast      Conjuration                  4
 p - a book of Cantrips

   Spells                             Type                      Level
   a - Confusing Touch                Hexes                        1
   b - Animate Skeleton               Necromancy                   1
   c - Summon Small Mammal            Summoning                    1
   d - Apportation                    Translocation                1
Comestibles
 c - 4 rations
 g - 4 chunks of flesh


   Skills:
 - Level 2.4 Dodging
 - Level 2.4 Stealth
 + Level 5.6 Spellcasting
 - Level 4.3 Conjurations


You had 10 spell levels left.
You knew the following spells:

 Your Spells              Type           Power        Failure   Level  Hunger
a - Magic Dart            Conj           ###.         1%          1    None
b - Searing Ray           Conj           ###...       1%          2    None


Dungeon Overview and Level Annotations

Branches:
Dungeon (2/15)

Altars:

Annotations:
D:2 Crazy Yiuf


Message History

Crazy Yiuf whimpers, "Mugger!
Citrus return to song cloud."
The searing ray hits Crazy Yiuf.
Crazy Yiuf is severely wounded.
You finish channeling your searing ray.
Crazy Yiuf grits, "Fluff!"
Crazy Yiuf hits you with a quarterstaff of chaos.
Crazy Yiuf freezes you.
Casting: Searing Ray
Confirm with . or Enter, or press ? or * to list all spells.
Aiming: Searing Ray
Press: ? - help, Shift-Dir - straight line, f/p - Crazy Yiuf
Aim: Crazy Yiuf, wielding a quarterstaff of chaos and wearing a cloak (severely wounded)
The searing ray hits Crazy Yiuf.
Crazy Yiuf is almost dead. (Press . to maintain the ray.) Crazy Yiuf hits you with a quarterstaff of chaos!
* * * LOW HITPOINT WARNING * * *
You are electrocuted!
Ouch! That really hurt!
You die...

###.##...#
##....#
###.#.#
#......#
#....# #.#..
####...#
♣.P..♣ #.###
########.#.#
♣♣...♣ #.#
...........#
♣♣.♣♣ #.
############
♣♣.♣ #. ♣.♣♣
#. ♣♣.♣ ♣@♣♣
#g# ## ...
.# #...# .#
#)..# .#
##### .# .#
.#


You could see Crazy Yiuf.

Vanquished Creatures
  2 adders (D:2)
  A dart slug (D:2)
  A leopard gecko (D:1)
  5 goblins (D:1)
  5 hobgoblins
  6 jackals (D:1)
  2 bats
  A frilled lizard (D:1)
  5 kobolds (D:1)
  4 rats
32 creatures vanquished.

Notes
Turn   | Place    | Note
-------+----------+-------------------------------------------
     0 | D:1      | Mirai the Deep Elf Conjurer began the quest for the Orb.
     0 | D:1      | Reached XP level 1. HP: 10/10 MP: 6/6
   193 | D:1      | Reached skill level 4 in Spellcasting
   193 | D:1      | Reached XP level 2. HP: 13/15 MP: 2/9
   666 | D:1      | Reached XP level 3. HP: 17/19 MP: 6/11
   814 | D:2      | Learned a level 2 spell: Searing Ray
   835 | D:2      | Reached skill level 5 in Spellcasting
  1214 | D:2      | Found a runed door.
  1218 | D:2      | Noticed Crazy Yiuf
  1223 | D:2      | Mangled by Crazy Yiuf

Skill      XL: |  1  2  3 |
---------------+----------+-----
Spellcasting   | 4 5 |  5.6
Dodging        | |  2.4
Stealth        | |  2.4
Conjurations   | |  4.3

Action                   || total
-------------------------++-------
Melee: Dagger            ||     8
       Unarmed           ||     1
 Cast: Magic Dart        ||    72
       Searing Ray       ||     3
  Eat: Chunk             ||     1
Armor: Robe              ||    11
Dodge: Dodged            ||    33
